 Dungeon Crawl Stone Soup version 0.24.1 (webtiles) character file.

Game seed: 12186985671265913278, levelgen mode: deterministic

8143 Peloso the Carver (level 11, -7/95 HPs)
             Began as a Minotaur Fighter on Apr 7, 2020.
             Was a High Priest of Okawaru.
             Engulfed by an ice statue's freezing vapour (14 damage)
             ... in an ice cave.
             The game lasted 00:16:52 (8445 turns).

Peloso the Carver (Minotaur Fighter)                Turns: 8445, Time: 00:16:52

Health: -7/95      AC: 14    Str: 28    XL:     11   Next: 6%
Magic:  0/10       EV: 13    Int:  5    God:    Okawaru [*****.]
Gold:   430        SH: 19    Dex: 12    Spells: 10/10 levels left

rFire    . . .     SeeInvis +   a - +0 long sword
rCold    . . .     Gourm    .   c - +1 shield
rNeg     . . .     Faith    .   F - +0 chain mail
rPois    .         Spirit   +   (helmet restricted)
rElec    .         Reflect  +   p - scarf {Spirit}
rCorr    .         Harm     .   (no gloves)
MR       .....                  b - +0 pair of boots of Courage {+Blink MR- Str+6 Stlth+}
Stlth    +.........             q - +3 amulet of reflection
HPRegen  0.25/turn              (no ring)
MPRegen  0.12/turn              t - ring of see invisible

@: heroism
A: retaliatory headbutt, horns 2
a: Heroism, Finesse, Renounce Religion, Evoke Blink


You were in an ice cave.
You worshipped Okawaru.
Okawaru was extremely pleased with you.
You were very hungry.

You visited 2 branches of the dungeon, and saw 12 of its levels.
You also visited: Ice Cave.

You collected 456 gold pieces.
You spent 26 gold pieces at shops.

Inventory:

Hand Weapons
 a - a +0 long sword (weapon)
Armour
 b - the +0 pair of boots of Courage (worn) {+Blink MR- Str+6 Stlth+}
   (You found it on level 7 of the Dungeon)

   It affects your strength (+6).
   It affects your resistance to hostile enchantments.
   It lets you blink.
   It makes you more stealthy.
 c - a +1 shield (worn)
 p - a scarf of spirit shield (worn)
 A - a +0 scale mail
 F - a +0 chain mail (worn)
Jewellery
 i - an uncursed ring of fire
 q - a +3 amulet of reflection (around neck)
 t - a ring of see invisible (right hand)
Wands
 y - a wand of polymorph (4)
 z - a wand of random effects (82)
 C - a wand of clouds (3)
 E - a wand of digging (6)
 H - a wand of flame (7)
Scrolls
 e - 2 scrolls of amnesia
 g - 3 scrolls of identify
 h - 2 scrolls of enchant armour
 m - 4 scrolls of magic mapping
 r - 6 scrolls of remove curse
 s - a scroll of fear
 w - 2 scrolls of fog
 B - a scroll of blinking
 G - 3 scrolls of noise {unknown}
 I - a scroll of summoning
Potions
 d - 2 potions of might
 j - a potion of magic
 k - 2 potions of haste
 n - a potion of curing {unknown}
 o - a potion of agility
 u - 3 potions of ambrosia
 v - 2 potions of berserk rage
 x - 2 potions of brilliance
 D - a potion of mutation
Comestibles
 f - 21 rations


   Skills:
 + Level 8.6(13.6) Fighting
 + Level 11.6(16.6) Long Blades
 + Level 9.6(14.6) Armour
 + Level 3.8(8.8) Dodging
 + Level 1.4(6.4) Stealth
 + Level 11.3(16.3) Shields
 + Level 0.8(5.8) Unarmed Combat
 + Level 1.0 Invocations


You had 10 spell levels left.
You didn't know any spells.
Your spell library contained the following spells:

 Spells                   Type           Power        Failure   Level  Hunger
 Magic Dart               Conj           #...         88%         1    ##.....
 Blink                    Tloc           N/A          96%         2    ###....
 Call Imp                 Summ           #.......     96%         2    ###....
 Slow                     Hex            #.......     96%         2    ###....
 Conjure Flame            Conj/Fire      #.......     99%         3    ####...
 Mephitic Cloud           Conj/Pois/Air  #.......     99%         3    ####...


Dungeon Overview and Level Annotations

Branches:
Dungeon (12/15)            Temple (1/1) D:4            Lair (0/6) D:8
  IceCv (1/1)
    Orc: D:9-12

Altars:
Ashenzari
Cheibriados
Dithmenos
Elyvilon
Fedhas
Gozag
Hepliaklqana
Kikubaaqudgha
Makhleb
Nemelex Xobeh
Okawaru
Qazlal
Ru
Sif Muna
Trog
Uskayaw
Vehumet
Wu Jian
Xom
Yredelemnul
Zin
The Shining One
Lugonu

Shops:
D:4 *   D:6 (   D:8 *

Annotations:
IceCv exclusion: 2 ice statues


Innate Abilities, Weirdness & Mutations

You reflexively headbutt those who attack you in melee.
You have a pair of horns on your head.


Message History

The ice statue is moderately damaged.
You block the ice beast's attack.
You hit the ice statue.
The ice statue is moderately damaged.
The ice statue gestures at you.
The freezing blast engulfs you but does no damage.
You block the ice beast's attack.
Unknown command.
You slash the ice statue!
You headbutt the ice statue, but do no damage.
The ice statue is heavily damaged.
You are engulfed in freezing vapours.
* * * LOW HITPOINT WARNING * * *
The ice beast hits you but does no damage.
The ice statue gestures at you. The bolt of cold hits you!!
* * * LOW HITPOINT WARNING * * *
The bolt of cold hits the ice beast.
The ice beast completely resists.
You are engulfed in freezing vapours.
You die...

### ##..# ##....#
#......## .......○## ####
......☼°8# #### ##..##
.....☼○○####..#####....##
......YY@##....##.......#
............#.......∩.∩.#
...........###..........#
.........### ##..##....##
........## ######..##
#.......8 #### #.......#
#.....# .....


You could see 2 ice beasts.

Vanquished Creatures
  3 death yaks (D:8)
  Joseph (D:7)
  A rime drake (IceCv)
  2 ice devils (D:11)
  Grinder (D:5)
  A wraith (D:11)
  Sigmund (D:4)
  A vampire (D:12)
  A wyvern (D:8)
  Menkaure (D:7)
  A hungry ghost (D:7)
  13 ice beasts
  2 orc warriors
  2 sky beasts
  A phantom (D:8)
  3 centaurs
  2 big kobolds
  4 bullfrogs
  2 scorpions
  3 killer bees (D:7)
  A howler monkey (D:7)
  3 crimson imps (D:5)
  2 centaur zombies
  A bullfrog zombie (D:8)
  4 quasits (D:8)
  3 bullfrog skeletons
  2 hounds
  2 jellies (D:7)
  5 orc priests
  2 iguanas
  6 orc wizards
  2 worker ants
  2 hell rats (D:8)
  A hound skeleton (D:5)
  6 gnolls
  A howler monkey skeleton (D:5)
  10 adders
  A river rat (D:8)
  A shadow imp (D:7)
  An ooze (D:4)
  2 adder skeletons
  2 adder zombies
  6 worms
  3 dart slugs
  5 leopard geckos
  25 orcs
  5 giant cockroaches
  8 goblins
  10 hobgoblins
  4 jackals
  A ball python (D:1)
  4 bats
  6 frilled lizards
  12 kobolds
  A leopard gecko zombie (D:5)
  2 quokka skeletons
  6 rats
204 creatures vanquished.

Notes
Turn   | Place    | Note
-------+----------+-------------------------------------------
     0 | D:1      | Peloso the Minotaur Fighter began the quest for the Orb.
     0 | D:1      | Reached XP level 1. HP: 19/19 MP: 0/0
    85 | D:1      | Reached XP level 2. HP: 19/27 MP: 1/1
   344 | D:1      | Reached XP level 3. HP: 33/33 MP: 2/2
   734 | D:2      | Reached XP level 4. HP: 40/40 MP: 3/3
   818 | D:2      | Noticed an ice beast
   828 | D:2      | Killed an ice beast
   828 | D:2      | Reached XP level 5. HP: 15/47 MP: 4/4
   838 | D:2      | Found an opulent altar of Gozag.
  1183 | D:2      | Found a hazy altar of Hepliaklqana.
  1193 | D:2      | Found a snail-covered altar of Cheibriados.
  1194 | D:2      | Found a sparkling altar of Nemelex Xobeh.
  1194 | D:2      | Found a burning altar of Makhleb.
  1194 | D:2      | Found a hide-covered altar of Uskayaw.
  1195 | D:2      | Found a shimmering altar of Xom.
  1197 | D:2      | Found a radiant altar of Vehumet.
  1198 | D:2      | Found a sacrificial altar of Ru.
  1199 | D:2      | Found an ancient bone altar of Kikubaaqudgha.
  2106 | D:3      | Reached skill level 5 in Long Blades
  2118 | D:4      | Reached XP level 6. HP: 53/53 MP: 5/5
  2137 | D:4      | Found Zin's Purification Station.
  2140 | D:4      | Found a glowing silver altar of Zin.
  2317 | D:4      | Found a staircase to the Ecumenical Temple.
  2328 | Temple   | Entered the Ecumenical Temple
  2345 | Temple   | Became a worshipper of Warmaster Okawaru
  2382 | D:4      | Reached skill level 5 in Shields
  2461 | D:4      | Noticed Sigmund
  2473 | D:4      | Killed Sigmund
  2473 | D:4      | Reached skill level 5 in Armour
  2473 | D:4      | Reached skill level 1 in Dodging
  2542 | D:4      | Reached XP level 7. HP: 55/60 MP: 4/6
  2911 | D:5      | Entered Level 5 of the Dungeon
  2921 | D:5      | Noticed Grinder
  2928 | D:5      | Paralysed by Grinder for 3 turns
  2957 | D:5      | Killed Grinder
  2957 | D:5      | Reached * piety under Okawaru
  2957 | D:5      | Reached skill level 5 in Fighting
  3360 | D:5      | Reached ** piety under Okawaru
  3360 | D:5      | Reached XP level 8. HP: 50/68 MP: 5/7
  3439 | D:5      | Found a white marble altar of Elyvilon.
  3455 | D:5      | Found a shimmering blue altar of Sif Muna.
  3455 | D:5      | Found a glowing golden altar of the Shining One.
  3456 | D:5      | Found an ornate altar of the Wu Jian Council.
  3802 | D:6      | Found Hivoolics's Antique Weapon Emporium.
  4279 | D:6      | Got a pitted quarterstaff
  4285 | D:6      | Identified the +7 quarterstaff "Mejoentog" {crush, rC+}
                  | (You found it on level 6 of the Dungeon)
  4457 | D:6      | Noticed a two-headed ogre
  5194 | D:7      | Reached skill level 1 in Stealth
  5198 | D:7      | Found a shattered altar of Ashenzari.
  5204 | D:7      | Noticed Menkaure
  5220 | D:7      | Killed Menkaure
  5220 | D:7      | Reached *** piety under Okawaru
  5469 | D:7      | Got a pair of crude boots
  5475 | D:7      | Identified the cursed +0 pair of boots of Courage {+Blink
                  | MR- Str+6 Stlth+} (You found it on level 7 of the Dungeon)
  5552 | D:7      | Reached XP level 9. HP: 69/75 MP: 6/8
  5589 | D:7      | Noticed Joseph
  5608 | D:7      | Killed Joseph
  5945 | D:7      | Reached skill level 10 in Long Blades
  6382 | D:8      | Found Awioneq's General Store.
  6388 | D:8      | Bought a scroll of fog for 26 gold pieces
  6449 | D:8      | Reached **** piety under Okawaru
  6471 | D:8      | Found a glowing golden altar of the Shining One.
  6671 | D:8      | Noticed a death yak
  6673 | D:8      | Noticed a death yak
  6675 | D:8      | Noticed a death yak
  6697 | D:8      | Killed a death yak
  6697 | D:8      | Reached ***** piety under Okawaru
  6716 | D:8      | Killed a death yak
  6716 | D:8      | Reached XP level 10. HP: 54/86 MP: 4/9
  6729 | D:8      | Killed a death yak
  6729 | D:8      | Reached skill level 10 in Shields
  7020 | D:8      | Found a staircase to the Lair.
  7732 | D:9      | You fall into a shaft and drop 3 floors!
  7898 | D:11     | Found a frozen archway.
  7920 | D:11     | Received a gift from Okawaru
  7920 | D:11     | Reached skill level 1 in Invocations
  8080 | IceCv    | Entered an ice cave
  8148 | IceCv    | Reached XP level 11. HP: 50/95 MP: 6/10
  8445 | IceCv    | Engulfed by an ice statue's freezing vapour

Levels and vault maps discovered:
D:1:      giann_wishing_wells, layout_basic
D:2:      layout_loops_ring, minitemple
D:3:      layout_basic, first_ration
D:4:      layout_gridville, zin_purify, minmay_temple_entry_proselytizer,
          uniq_sigmund
D:5:      layout_loops_ring, gammafunk_temple_overflow_forgotten,
          lemuel_altar_in_water2, uniq_grinder
D:6:      layout_basic, serial_shops, nicolae_shop_window_shopping
D:7:      layout_basic, cheibrodos_ashenzari_chains, uniq_joseph, uniq_menkaure
D:8:      cheibrodos_quashed, layout_basic, dpeg_lair_monsters, serial_shops,
          shop, blue_anna_alchemist [blue_anna_fruit_fields,
          blue_anna_fruit_fields], minmay_strange_pillars, nrook_mini_vaults,
          minmay_misc_feat_hallway, nicolae_tso_carved_into_rock
D:9:      layout_roguey, special_room [special_room_orc], minivault_29,
          uniq_grum
D:11:     layout_rooms, gammafunk_ghost_spectres, basic_altar,
          portal_ice_cave_demonic_guard
D:12:     layout_long_grid, special_room [special_room_orc], serial_bayou_ford_a
Temple:   corrupted_temple
IceCv:    ice_cave_small_dragons

Skill      XL: |  1  2  3  4  5  6  7  8  9 10 |
---------------+-------------------------------+-----
Shields        | 4 5 6 7 9 11 | 11.3
Armour         | 4 5 6 8 9 |  9.6
Fighting       | 4 5 6 7 8 |  8.6
Long Blades    | 3 4 5 6 7 9 10 11 | 11.6
Dodging        | 1 2 3 |  3.8
Stealth        | 1 |  1.4
Invocations    | 1 |  1.0
Unarmed Combat | |  0.8

Action                   |  1- 3 |  4- 6 |  7- 9 | 10-12 || total
-------------------------+-------+-------+-------+-------++-------
Melee: Long sword        |    88 |   100 |   362 |   198 ||   748
       Headbutt          |    16 |    21 |    74 |    61 ||   172
       Unarmed           |       |       |    15 |       ||    15
Invok: Heroism           |       |       |     4 |     6 ||    10
Evoke: Wand              |       |       |       |     1 ||     1
  Use: Potion            |       |     4 |     1 |       ||     5
       Scroll            |       |       |       |    13 ||    13
  Eat: Chunk             |       |     5 |    12 |     4 ||    21
       Ration            |       |       |     1 |       ||     1
Armor: Scale mail        |    44 |    37 |    41 |       ||   122
       Skin              |       |       |     1 |       ||     1
       Chain mail        |       |       |    54 |    61 ||   115
Dodge: Dodged            |    11 |    31 |   100 |    55 ||   197
Block: Shield            |    48 |    55 |   266 |   163 ||   532
       Reflection        |       |     1 |     9 |     1 ||    11
       Rpst.: Long sword |     5 |     9 |    22 |     9 ||    45
